 Dungeon Crawl Stone Soup version 0.17.1-1-g73c8601 (webtiles) character file.

16735 Andry07 the Fighter (level 12, -6/70 HPs)
             Began as a Vine Stalker Fighter on Dec 31, 2015.
             Was an Elder of the Shining One.
             Mangled by a wolf (7 damage)
             ... on level 3 of the Lair of Beasts.
             The game lasted 00:28:56 (9469 turns).

Andry07 the Fighter (Vine Stalker Fighter)          Turns: 9469, Time: 00:28:56

Health: -6/70      AC: 15    Str: 24    XL:     12   Next: 40%
Magic:  0/17       EV:  0    Int:  8    God:    the Shining One [****..]
Gold:   757        SH: 11    Dex: 14    Spells: 1 memorised, 10 levels left

rFire  . . .     SeeInvis .     N - +0 falchion (holy)
rCold  . . .     Clarity  .     w - +0 plate armour
rNeg   + + .     SustAt   +     c - +0 shield
rPois  .         Gourm    .     (no helmet)
rElec  .         Spirit   +     (no cloak)
rCorr  +         Warding  .     H - +1 pair of gloves {archery}
rMut   .         Stasis   .     (no boots)
MR     +....                    L - amulet of resist corrosion
Stlth  ..........               t - ring of sustain attributes
                                n - +2 ring of slaying

@: very slightly contaminated, glowing, somewhat resistant to hostile
enchantments, extremely unstealthy
A: fangs 3, regeneration 3, magic shield, antimagic bite, no device heal 3, rot
immunity
a: Divine Shield, Cleansing Flame, Renounce Religion


You were on level 3 of the Lair of Beasts.
You worshipped the Shining One.
The Shining One was greatly pleased with you.
You were very hungry.

You visited 3 branches of the dungeon, and saw 15 of its levels.

You collected 757 gold pieces.

Inventory:

Hand Weapons
 a - a +1 long sword
 N - a +0 falchion of holy wrath (weapon)
Missiles
 E - 8 tomahawks (quivered)
Armour
 c - a +0 shield (worn)
 w - a +0 plate armour (worn)
 H - a +1 pair of gloves of archery (worn)
Jewellery
 g - an uncursed ring of flight
 h - an uncursed amulet of stasis
 n - a +2 ring of slaying (left hand)
 t - a ring of sustain attributes (right hand)
 L - an amulet of resist corrosion (around neck)
Wands
 b - a wand of fire (6)
Scrolls
 f - a scroll of teleportation {unknown}
 i - a scroll of recharging {unknown}
 o - 4 scrolls of enchant weapon
 x - 3 scrolls of remove curse
 y - 2 scrolls of magic mapping
 z - 2 scrolls of fog {unknown}
 C - 2 scrolls of immolation {unknown}
 I - 4 scrolls of enchant armour {unknown}
 O - a scroll of noise {unknown}
 Q - 2 scrolls of brand weapon {unknown}
Potions
 d - a potion of might
 j - 2 potions of magic {unknown}
 k - a potion of mutation {unknown}
 l - a potion of haste {unknown}
 m - a potion of agility {unknown}
 q - a potion of berserk rage
 v - 2 potions of curing
 A - 3 potions of lignification
 D - a potion of beneficial mutation {unknown}
 F - 2 potions of heal wounds {unknown}
 G - 2 potions of poison {unknown}
 J - a potion of cancellation
 P - a potion of brilliance {unknown}
Books
 M - a book of Debilitation

   Spells                             Type                      Level
   a - Corona                         Hexes                        1
   b - Slow                           Hexes                        2
   c - Gell's Gravitas                Hexes/Translocation          3
   d - Inner Flame                    Hexes/Fire                   3
   e - Cause Fear                     Hexes                        4
   f - Leda's Liquefaction            Hexes/Earth                  4
Comestibles
 e - 16 bread rations
 p - a royal jelly
 r - 12 meat rations
 u - 4 fruits
 K - 3 beef jerkies
 S - a slice of pizza


   Skills:
 + Level 11.5 Fighting
 + Level 9.6 Long Blades
 + Level 6.2 Armour
 - Level 7.4 Shields
 - Level 6.3 Invocations


You had 10 spell levels left.
You knew the following spells:

 Your Spells              Type           Power        Failure   Level  Hunger
a - Corona                Hex            #......      100%        1    ##.....


Dungeon Overview and Level Annotations

Branches:
Dungeon (11/15)            Temple (1/1) D:6            Lair (3/8) D:10
    Orc (0/4) D:10
  Swamp: Lair:3-6    Shoals: Lair:3-6     Snake: Lair:3-6    Spider: Lair:3-6

Altars:
Ashenzari
Cheibriados
Dithmenos
Elyvilon
Fedhas
Gozag
Kikubaaqudgha
Makhleb
Nemelex Xobeh
Okawaru
Qazlal
Ru
Sif Muna
Trog
Vehumet
Xom
Yredelemnul
Zin
The Shining One
Beogh
Lugonu

Shops:
D:4 *   D:5 [   D:6 [

Portals:
Trove: D:10 (give wand of hasting (8))

Annotations:
D:5 PLATE SHINY
D:6 PLATE ARTIFACT 800
D:10 treasure trove wand of hasting


Innate Abilities, Weirdness & Mutations

You have razor-sharp teeth.
You regenerate.
When hurt, damage is shared between your health and your magic reserves.
Your bite disrupts and absorbs the magic of your enemies.
Potions and wands cannot restore your health.
You are immune to rotting.


Message History

The wyvern hisses menacingly.
The wolf bites you.
* * * LOW HITPOINT WARNING * * *
You block the wolf's attack. The wolf barely misses you.
You block the wolf's attack. The wolf bites you but does no damage.
You block the wolf's attack. The wolf bites you.
* * * LOW HITPOINT WARNING * * *
The wolf bites you but does no damage.
Blink to where?
Press: ? - help, Dir - move target cursor You are very lightly contaminated with residual magic.
As you read the scroll of blinking, it crumbles to dust.
There is a stone staircase leading up, spattered with blood here.
The wolf bites you!
* * * LOW HITPOINT WARNING * * *
The wyvern bites you!
* * * LOW HITPOINT WARNING * * *
The wolf bites you!
You die...

P.........## ..........##
P.....)....## ### ### #### ##
............####.####.####.P####P
.†...............................
#................................
#................................
#......................>.........
...............h@<...............
...............lh................
................:................
#................................
#......................<.........
#................................
##.#.#....####.####.####.####..##
####..#### ### ### ### #### ####


You could see a wyvern and 2 wolves.

Vanquished Creatures
  The ghost of Musteatbrain the Cleaver, a novice DsFi of Qazlal (D:10)
  A hill giant (D:9)
  The ghost of Clownie the Insei, a novice OpTm of Ashenzari (D:6)
  4 spiny frogs
  2 black mambas (Lair:1)
  4 komodo dragons
  5 blink frogs (Lair:2)
  A trapdoor spider (D:10)
  The ghost of Andry07 the Shield-Bearer, an amateur VSFi (D:4)
  3 wyverns
  2 spriggans
  2 basilisks (D:10)
  6 yaks (Lair:2)
  A hippogriff (Lair:1)
  A hungry ghost (D:9)
  2 deep elf magi (D:9)
  Menkaure (D:5)
  A soldier ant (D:10)
  4 wolves (Lair:3)
  A black bear (Lair:2)
  4 orc warriors
  4 porcupines
  3 phantoms
  10 water moccasins
  An eye of draining (D:8)
  A necrophage (D:7)
  2 centaurs (D:6)
  6 ogres
  4 ice beasts
  12 crocodiles
  2 big kobolds
  10 giant frogs
  2 scorpions
  7 killer bees
  6 crimson imps
  A centaur zombie (D:8)
  A giant frog zombie (D:5)
  A jelly (D:6)
  2 quasits
  11 hounds
  7 orc priests
  14 orc wizards
  2 giant frog skeletons
  5 iguanas
  A gnoll shaman (D:7)
  4 worker ants
  26 sheep
  2 hound zombies
  A hound skeleton (D:9)
  16 adders
  7 gnolls
  11 river rats
  2 shadow imps
  2 adder skeletons
  An adder zombie (D:6)
  4 worms
  3 giant geckos
  58 orcs
  9 bats
  A giant cockroach (D:3)
  6 goblins
  9 hobgoblins
  A ball python (D:4)
  2 giant gecko skeletons (D:4)
  4 giant newts
  7 jackals
  15 kobolds
  2 quokkas
  6 rats
362 creatures vanquished.

Vanquished Creatures (others)
  5 plants (D:10)
5 creatures vanquished.

Grand Total: 367 creatures vanquished

Notes
Turn   | Place    | Note
--------------------------------------------------------------
     0 | D:1      | Andry07 the Vine Stalker Fighter began the quest for the Orb.
     0 | D:1      | Reached XP level 1. HP: 11/11 MP: 2/2
   172 | D:1      | Reached XP level 2. HP: 16/16 MP: 3/3
   682 | D:1      | Reached skill level 3 in Fighting
   804 | D:2      | Reached XP level 3. HP: 16/20 MP: 4/4
   942 | D:2      | Found a basalt altar of Yredelemnul.
  1227 | D:2      | Learned a level 1 spell: Corona
  1258 | D:3      | Found a blossoming altar of Fedhas.
  1491 | D:3      | Reached XP level 4. HP: 22/24 MP: 5/5
  1508 | D:3      | Found a white marble altar of Elyvilon.
  1842 | D:4      | Noticed Andry07's ghost (amateur VSFi)
  1857 | D:4      | Killed Andry07's ghost
  1857 | D:4      | Reached skill level 4 in Fighting
  1857 | D:4      | Reached XP level 5. HP: 16/29 MP: 3/6
  1857 | D:4      | Gained mutation: You heal very quickly. [Vine Stalker growth]
  1857 | D:4      | Reached XP level 6. HP: 18/33 MP: 3/7
  1860 | D:4      | Found Meanas's Serpentskin Sales.
  1860 | D:4      | Noticed a water moccasin
  1868 | D:4      | HP: 1/33 [water moccasin (5)]
  1880 | D:4      | Killed a water moccasin
  1955 | D:4      | Noticed a phantom
  1990 | D:4      | Killed a phantom
  1990 | D:4      | Reached XP level 7. HP: 33/38 MP: 8/8
  2142 | D:4      | Found a stormy altar of Qazlal.
  2149 | D:4      | Reached skill level 5 in Fighting
  2196 | D:4      | Noticed an ogre
  2202 | D:4      | Killed an ogre
  2320 | D:4      | Found a sacrificial altar of Ru.
  2517 | D:5      | Entered Level 5 of the Dungeon
  2521 | D:5      | Noticed Menkaure
  2542 | D:5      | Killed Menkaure
  2713 | D:5      | Gained mutation: You have razor-sharp teeth. [Vine Stalker growth]
  2713 | D:5      | Reached XP level 8. HP: 40/44 MP: 7/9
  2758 | D:5      | Reached skill level 6 in Fighting
  2758 | D:5      | Reached skill level 5 in Shields
  2871 | D:5      | Reached skill level 5 in Long Blades
  3031 | D:5      | Found Istrouqipn's Antique Armour Boutique.
  3114 | D:5      | Found a snail-covered altar of Cheibriados.
  3144 | D:6      | Found a staircase to the Ecumenical Temple.
  3158 | Temple   | Entered the Ecumenical Temple
  3190 | Temple   | Became a worshipper of the Shining One
  3264 | D:6      | Found Nohaanut's Antique Armour Shoppe.
  3473 | D:6      | Noticed Clownie's ghost (novice OpTm)
  3513 | D:6      | Reached skill level 7 in Fighting
  3519 | D:6      | Killed Clownie's ghost
  3519 | D:6      | Reached XP level 9. HP: 22/50 MP: 10/10
  3605 | D:6      | Reached * piety under the Shining One
  3700 | D:6      | Found a radiant altar of Vehumet.
  3989 | D:7      | Reached skill level 8 in Fighting
  4060 | D:7      | Found a burning altar of Makhleb.
  4165 | D:7      | Found a bloodstained altar of Trog.
  4631 | D:8      | Reached skill level 9 in Fighting
  4707 | D:8      | Reached XP level 10. HP: 58/58 MP: 11/11
  4822 | D:8      | Reached ** piety under the Shining One
  5383 | D:8      | Found an iron altar of Okawaru.
  5693 | D:9      | Reached skill level 1 in Invocations
  5715 | D:9      | Found a shadowy altar of Dithmenos.
  5831 | D:9      | Reached *** piety under the Shining One
  5854 | D:9      | Found an opulent altar of Gozag.
  5859 | D:9      | Noticed a hill giant
  5869 | D:9      | Killed a hill giant
  5962 | D:9      | Reached skill level 5 in Invocations
  6381 | D:9      | Found a roughly hewn altar of Beogh.
  6452 | D:10     | Entered Level 10 of the Dungeon
  6507 | D:10     | Reached XP level 11. HP: 63/63 MP: 16/16
  6550 | D:10     | Reached skill level 10 in Fighting
  6769 | D:10     | Found a staircase to the Lair.
  6862 | D:10     | Noticed Musteatbrain's ghost (novice DsFi)
  6888 | D:10     | Killed Musteatbrain's ghost
  7010 | D:10     | Found a staircase to the Orcish Mines.
  7482 | D:10     | Found a portal to a secret trove of treasure.
  7735 | Lair:1   | Entered Level 1 of the Lair of Beasts
  7891 | Lair:1   | Reached **** piety under the Shining One
  7931 | Lair:1   | HP: 3/64 [black mamba (4)]
  7937 | Lair:1   | HP: 3/64 [black mamba (3)]
  7943 | Lair:1   | HP: 1/64 [black mamba (3)]
  8465 | Lair:1   | Reached skill level 5 in Armour
  8609 | Lair:2   | Reached skill level 11 in Fighting
  8717 | Lair:2   | Gained mutation: You regenerate. [Vine Stalker growth]
  8717 | Lair:2   | Reached XP level 12. HP: 51/70 MP: 17/17
  9417 | Lair:3   | HP: 3/70 [wolf (3)]
  9469 | Lair:3   | HP: 1/70 [wyvern (6)]
  9469 | Lair:3   | Mangled by a wolf

Action                   |  1- 3 |  4- 6 |  7- 9 | 10-12 || total
-------------------------+-------+-------+-------+-------++-------
Melee: Long sword        |   117 |    95 |   295 |   230 ||   737
       Falchion          |       |       |       |   490 ||   490
Throw: Tomahawk          |       |       |       |     8 ||     8
Invok: Divine Shield     |       |       |       |     1 ||     1
 Abil: Evoke Berserk Rag |       |       |       |     1 ||     1
  Use: Scroll            |     5 |       |     3 |     7 ||    15
       Potion            |       |     2 |       |     2 ||     4
  Eat: Chunk             |     1 |     2 |    10 |    19 ||    32
